 Dungeon Crawl Stone Soup version 0.26.0-16-gc1dbca0489 (webtiles) character file.

Game seed: 17993530324970144803

2446 zcampers the Basher (level 9, -3/79 HPs)
             Began as a Minotaur Berserker on Jan 20, 2021.
             Was an Elder of Trog.
             Slain by a boulder beetle (19 damage)
             ... on level 8 of the Dungeon.
             The game lasted 00:16:59 (5861 turns).

zcampers the Basher (Minotaur Berserker)            Turns: 5861, Time: 00:16:59

Health: -3/79      AC: 17    Str: 22    XL:     9   Next: 25%
Magic:  8/8        EV: 11    Int:  4    God:    Trog [****..]
Gold:   338        SH:  4    Dex: 17    Spells: 8/8 levels left

rFire    + . .     SeeInvis .   s - +1 flail (holy)
rCold    . . .     Faith    .   z - +0 buckler
rNeg     . . .     Spirit   .   o - +2 scale mail {rF+}
rPois    .         Reflect  .   (helmet restricted)
rElec    .         Harm     .   p - +1 cloak
rCorr    .         Rampage  .   C - +0 pair of gloves
Will     +....                  w - +1 pair of boots
Stlth    +.........             x - amulet of magic regeneration
HPRegen  0.23/turn              q - ring of willpower
MPRegen  0.36/turn              r - +6 ring of dexterity

@: no status effects
A: retaliatory headbutt, beak, horns 2, icy blue scales 1, dopey 1, sense
surroundings 1
a: Renounce Religion, Berserk, Trog's Hand, Brothers in Arms


You were on level 8 of the Dungeon.
You worshipped Trog.
Trog was greatly pleased with you.
You visited 1 branch of the dungeon, and saw 8 of its levels.

You collected 338 gold pieces.

Inventory:

Hand Weapons
 s - a +1 flail of holy wrath (weapon)
Missiles
 t - 7 poisoned darts (quivered)
Armour
 o - a +2 scale mail of fire resistance (worn)
 p - a +1 cloak (worn)
 w - a +1 pair of boots (worn)
 z - a +0 buckler (worn)
 C - a +0 pair of gloves (worn)
Jewellery
 c - an uncursed ring of poison resistance
 d - an uncursed ring of protection from cold
 j - an uncursed ring of positive energy
 k - an uncursed ring of protection from cold
 q - a ring of willpower (left hand)
 r - a +6 ring of dexterity (right hand)
 x - an amulet of magic regeneration (around neck)
Wands
 a - a wand of iceblast (5)
 g - a wand of random effects (22)
 i - a wand of polymorph (5)
Scrolls
 f - 2 scrolls of magic mapping
 l - 6 scrolls of remove curse
 n - 2 scrolls of identify
 u - a scroll of blinking
 y - a scroll of holy word
 B - a scroll of enchant armour {unknown}
Potions
 b - a potion of berserk rage
 e - 4 potions of curing
 h - a potion of brilliance
 m - a potion of lignification
 v - a potion of resistance
 A - a potion of flight


   Skills:
 + Level 7.4 Fighting
 + Level 11.3 Maces & Flails
 + Level 6.5 Armour
 + Level 4.0 Dodging
 + Level 1.6 Stealth
 + Level 1.4 Unarmed Combat


You had 8 spell levels left.
You didn't know any spells.
Your spell library was empty.

Dungeon Overview and Level Annotations

Branches:
Dungeon (8/15)             Temple (0/1) D:4
   Lair: D:8-11

Altars:
Cheibriados
Elyvilon
Gozag
Hepliaklqana
Makhleb
Nemelex Xobeh
Qazlal
Ru
Sif Muna
Trog
Xom
Yredelemnul
Zin
The Shining One


Innate Abilities, Weirdness & Mutations

You reflexively headbutt those who attack you in melee.
You have a pair of horns on your head.
You have a beak for a mouth.
You are partially covered in icy blue scales. (AC +2)
You are dopey. (Int -2)
You passively map a small area around you.


Message History

You peck the boulder beetle, but do no damage.
The boulder beetle is lightly wounded.
The boulder beetle waves its antennae.
The boulder beetle leaps!
The boulder beetle curls into a ball and begins rolling!
The boulder beetle hits you but does no damage.
The boulder beetle stops rolling and uncurls.
You hit the boulder beetle.
You peck the boulder beetle, but do no damage.
The boulder beetle is lightly wounded.
The boulder beetle bites you but does no damage.
You sock the boulder beetle!
You peck the boulder beetle, but do no damage.
The boulder beetle is moderately wounded.
The boulder beetle bites you!!
* * * LOW HITPOINT WARNING * * *
You hit the boulder beetle.
The boulder beetle is moderately wounded.
The boulder beetle bites you!!
You die...

+........#..(.# , , ,
#........#....#
*#..##.##+#....######
##..####............. ,
#......#.............
#......#.............
####.##..#.............
,
#....##+##....#B###+##.
##.......#....#@.....#
#.....<.#....#......#
#.......#....#......#
#.......#....#......# ,
#.......#....+......# ,
##+###..# , #+####+# ,
#..# , , ...+ , , ,,
,,...#


You could see a boulder beetle.

Vanquished Creatures
  Eustachio (D:4)
  Sigmund (D:4)
  Menkaure (D:7)
  Edmund (D:4)
  An ice beast (D:2)
  A hornet zombie (D:7)
  2 orc warriors (D:7)
  3 ogres (D:5)
  3 centaurs
  2 bullfrogs
  3 scorpions
  A howler monkey (D:5)
  2 bullfrog zombies
  4 hounds
  2 orc priests (D:5)
  A bullfrog skeleton (D:7)
  5 orc wizards
  Terence (D:2)
  3 worker ants
  A killer bee zombie (D:7)
  A hound zombie (D:5)
  A hound skeleton (D:4)
  A worker ant zombie (D:7)
  3 gnolls (D:4)
  4 adders
  A shadow imp (D:5)
  A white imp (D:5)
  An ufetubus (D:5)
  2 adder skeletons
  2 worms
  3 dart slugs
  5 leopard geckos
  6 orcs
  2 ball pythons
  6 bats
  6 giant cockroaches
  11 hobgoblins
  9 jackals
  3 quokkas
  8 frilled lizards
  10 goblins
  9 kobolds
  5 rats
  A butterfly (D:4)
140 creatures vanquished.

Notes
Turn   | Place    | Note
-------+----------+-------------------------------------------
     0 | D:1      | zcampers the Minotaur Berserker began the quest for the
                  | Orb.
     0 | D:1      | Reached XP level 1. HP: 19/19 MP: 0/0
    33 | D:1      | Reached skill level 4 in Maces & Flails
    35 | D:1      | Reached XP level 2. HP: 19/27 MP: 1/1
   445 | D:1      | Reached XP level 3. HP: 32/33 MP: 2/2
   719 | D:2      | Reached ** piety under Trog
   807 | D:2      | Found a burning altar of Makhleb.
   884 | D:2      | Noticed Terence
   895 | D:2      | Killed Terence
   896 | D:2      | Reached XP level 4. HP: 19/41 MP: 3/3
  1124 | D:2      | Reached skill level 5 in Maces & Flails
  1293 | D:2      | Noticed an ice beast
  1302 | D:2      | Killed an ice beast
  1303 | D:2      | Reached XP level 5. HP: 5/47 MP: 4/4
  1586 | D:2      | Found a snail-covered altar of Cheibriados.
  1602 | D:2      | Found a shimmering blue altar of Sif Muna.
  1822 | D:2      | Found a sparkling altar of Nemelex Xobeh.
  2006 | D:3      | Reached skill level 5 in Fighting
  2006 | D:3      | Reached skill level 6 in Maces & Flails
  2025 | D:3      | Found a white marble altar of Elyvilon.
  2240 | D:3      | Reached XP level 6. HP: 56/56 MP: 5/5
  2240 | D:3      | Reached *** piety under Trog
  2448 | D:4      | Found a sacrificial altar of Ru.
  2600 | D:4      | Noticed Edmund
  2608 | D:4      | Killed Edmund
  2609 | D:4      | Reached skill level 7 in Maces & Flails
  2675 | D:4      | Reached XP level 7. HP: 61/61 MP: 6/6
  2707 | D:4      | Noticed Sigmund
  2716 | D:4      | Killed Sigmund
  2717 | D:4      | Reached skill level 1 in Stealth
  2761 | D:4      | Gained mutation: You have a somewhat thin skeletal
                  | structure. (Dex +2, Stealth) [potion of mutation]
  2761 | D:4      | Gained mutation: Your body sometimes deteriorates upon
                  | taking damage. [potion of mutation]
  2761 | D:4      | Gained mutation: You have large cloven feet. [potion of
                  | mutation]
  2761 | D:4      | Gained mutation: Your system is resistant to poisons.
                  | (rPois) [potion of mutation]
  2767 | D:4      | Lost mutation: You have a somewhat thin skeletal structure.
                  | (Dex +2, Stealth) [potion of mutation]
  2767 | D:4      | Lost mutation: You have large cloven feet. [potion of
                  | mutation]
  2767 | D:4      | Lost mutation: Your body sometimes deteriorates upon taking
                  | damage. [potion of mutation]
  2767 | D:4      | Lost mutation: Your system is resistant to poisons. (rPois)
                  | [potion of mutation]
  2767 | D:4      | Gained mutation: Your spells are a little harder to cast,
                  | but a little more powerful. [potion of mutation]
  2767 | D:4      | Gained mutation: Potions are less effective at restoring
                  | your health. [potion of mutation]
  2767 | D:4      | Gained mutation: You do not regenerate when monsters are
                  | visible. [potion of mutation]
  2767 | D:4      | Gained mutation: You are somewhat resistant to further
                  | mutation. [potion of mutation]
  2768 | D:4      | Lost mutation: You do not regenerate when monsters are
                  | visible. [potion of mutation]
  2768 | D:4      | Lost mutation: Your spells are a little harder to cast, but
                  | a little more powerful. [potion of mutation]
  2768 | D:4      | Gained mutation: You have sharp toenails. [potion of
                  | mutation]
  2771 | D:4      | Lost mutation: Potions are less effective at restoring your
                  | health. [potion of mutation]
  2771 | D:4      | Lost mutation: You have sharp toenails. [potion of
                  | mutation]
  2771 | D:4      | Lost mutation: You are somewhat resistant to further
                  | mutation. [potion of mutation]
  2771 | D:4      | Gained mutation: Your body sometimes deteriorates upon
                  | taking damage. [potion of mutation]
  2771 | D:4      | Gained mutation: You expend magic power (3 MP) to
                  | strengthen your wands. [potion of mutation]
  2771 | D:4      | Gained mutation: You have a beak for a mouth. [potion of
                  | mutation]
  2772 | D:4      | Lost mutation: You expend magic power (3 MP) to strengthen
                  | your wands. [potion of mutation]
  2772 | D:4      | Lost mutation: Your body sometimes deteriorates upon taking
                  | damage. [potion of mutation]
  2772 | D:4      | Gained mutation: You are dopey. (Int -2) [potion of
                  | mutation]
  2772 | D:4      | Gained mutation: You are partially covered in icy blue
                  | scales. (AC +2) [potion of mutation]
  2772 | D:4      | Gained mutation: You passively map a small area around you.
                  | [potion of mutation]
  2819 | D:4      | Noticed Eustachio
  2833 | D:4      | Killed Eustachio
  2834 | D:4      | Reached skill level 8 in Maces & Flails
  2834 | D:4      | Reached skill level 5 in Armour
  2877 | D:4      | Found a shimmering altar of Xom.
  2925 | D:4      | Found a staircase to the Ecumenical Temple.
  3230 | D:5      | Entered Level 5 of the Dungeon
  3302 | D:5      | Reached XP level 8. HP: 67/70 MP: 7/7
  3452 | D:5      | Found a bloodstained altar of Trog.
  3491 | D:5      | Reached skill level 9 in Maces & Flails
  3827 | D:5      | Found a hazy altar of Hepliaklqana.
  3946 | D:5      | Reached **** piety under Trog
  4093 | D:5      | Reached skill level 1 in Unarmed Combat
  4201 | D:5      | Reached skill level 10 in Maces & Flails
  4396 | D:6      | Found an opulent altar of Gozag.
  4520 | D:6      | Found a glowing golden altar of the Shining One.
  4523 | D:6      | Noticed an angel
  4549 | D:6      | Found a basalt altar of Yredelemnul.
  4552 | D:6      | Noticed a profane servitor
  4647 | D:6      | Found a stormy altar of Qazlal.
  4647 | D:6      | Found a glowing silver altar of Zin.
  4986 | D:7      | Noticed Menkaure
  4995 | D:7      | Killed Menkaure
  5002 | D:7      | Reached XP level 9. HP: 79/79 MP: 8/8
  5113 | D:7      | Reached skill level 11 in Maces & Flails
  5848 | D:8      | Noticed a boulder beetle
  5861 | D:8      | Slain by a boulder beetle

Illustrated notes

Levels and vault maps discovered:
D:1:      lemuel_arrival_cross, layout_rooms
D:2:      layout_loops_ring, nemelex_xobeh_ov_fountains_minmay,
          lemuel_coloured_pillars_altar, minitemple, uniq_terence
D:3:      layout_rooms, elyvilon_altar_3
D:4:      layout_loops_ring, nicolae_overflow_crystal_walls, xom_butterflies,
          minmay_temple_entry_statues, uniq_eustachio, uniq_sigmund, uniq_edmund
D:5:      layout_loops_ring, marbit_many_paths, lemuel_crystal_altar,
          kennysheep_generic_room_16
D:6:      layout_basic, grunt_temple_overflow_holy_war,
          amethyst_overflow_temple_binary, lemuel_doored_altar,
          old_standard_altar, lemuel_altar_in_water
D:7:      layout_layer_cave, uniq_menkaure
D:8:      layout_gridville, gammafunk_ghost_grave

Skill      XL: |  1  2  3  4  5  6  7  8  9 |
---------------+----------------------------+-----
Maces & Flails | 4 5 6 7 8 10 11 | 11.3
Fighting       | 4 5 6 7 |  7.4
Armour         | 3 4 5 6 |  6.5
Dodging        | 3 4 |  4.0
Stealth        | 1 |  1.6
Unarmed Combat | 1 |  1.4

Action                   |  1- 3 |  4- 6 |  7- 9 || total
-------------------------+-------+-------+-------++-------
Melee: Mace              |    77 |       |       ||    77
       Headbutt          |    13 |    18 |    30 ||    61
       Flail             |       |   101 |   144 ||   245
       Unarmed           |       |       |    11 ||    11
       Peck              |       |       |    32 ||    32
Invok: Berserk           |     1 |     1 |     1 ||     3
  Use: Scroll            |     2 |     6 |     4 ||    12
       Potion            |       |       |    13 ||    13
Armor: Animal skin       |    12 |       |       ||    12
       Chain mail        |       |    41 |       ||    41
       Scale mail        |       |    33 |    57 ||    90
       Skin              |       |       |     4 ||     4
Dodge: Dodged            |    54 |    59 |    86 ||   199
Block: Buckler           |       |       |     4 ||     4
